AoeStats
← Ares

Arabia

510718934Analyzed
1v1 RM · 17h ago on Oct 2, 2026· 36m 36s· 2 players
Game mode
Random Map
Map size
Tiny (2 player)
Population
200
Speed
Normal
Resources
Standard
Victory
Conquest
Starting age
Dark Age
Ending age
Imperial Age
RankedLock teamsTeams togetherTeam positionsShared explorationLock speedFull tech treeHidden civsTurbo modeCheats
Victory
Defeat
🇨🇳 Chinese · China
1114
+17
🇬🇧 Romans · United Kingdom
1144
-17
永不磨損型
0:27 Loom
11:15 Feudal Age
17:13 Castle Age
17:32 Double-Bit Axe
27:40 Bow Saw
29:01 Bloodlines
28:51 Husbandry
29:01 Scale Barding Armor
30:43 Wheelbarrow
31:45 Chain Barding Armor
Ares
2:13 Loom
2:28 Loom
10:10 Feudal Age
10:38 Double-Bit Axe
13:18 Man-at-Arms
16:24 Scale Mail Armor
20:30 Castle Age
20:14 Horse Collar
20:30 Gold Mining
20:30 Stone Mining
21:18 Wheelbarrow
21:16 Squires
20:54 Long Swordsman
22:30 Chain Mail Armor
31:35 Gold Shaft Mining
31:24 Forging
31:19 Scale Barding Armor
32:13 Fletching
33:09 Hand Cart
32:36 Pikeman
Connection lost

Rejoining the realm…

Still unreachable

The connection could not be restored.

Session expired

The server has moved on; the page needs a fresh start.